 Dungeon Crawl Stone Soup version 0.29.1-4-g47bece8355 (webtiles) character file.

Game seed: 6622730074993162889

3354 KittyFluff the Basher (level 10, -3/61 HPs)
             Began as a Gargoyle Berserker on Dec 1, 2022.
             Was an Elder of Trog.
             Slain by a wight
             ... wielding a +3 spear
              (7 damage)
             ... on level 8 of the Dungeon on Dec 2, 2022.
             The game lasted 00:34:46 (7451 turns).

KittyFluff the Basher (Gargoyle Berserker)          Turns: 7451, Time: 00:34:48

Health: -3/61      AC: 16    Str: 27    XL:     10   Next: 3%
Magic:  10/10      EV: 13    Int:  8    God:    Trog [****..]
Gold:   538        SH:  0    Dex: 13    Spells: 9/9 levels left

rFire   . . .      SeeInvis .   a - +0 mace
rCold   . . .      Faith    .   (no shield)
rNeg    + . .      Spirit   .   v - +0 troll leather armour {Pargi}
rPois   ∞          Reflect  .   (no helmet)
rElec   +          Harm     .   (no cloak)
rCorr   .          Rampage  .   (no gloves)
Will    .....                   (no boots)
Stlth   ++........              (no amulet)
HPRegen 1.00/turn               d - +6 ring of strength
MPRegen 0.12/turn               o - +4 ring of protection

@: no status effects
A: sickness immunity, AC +7, negative energy resistance 1, electricity
resistance, torment resistance 1, petrification resistance
a: Renounce Religion, Berserk, Trog's Hand, Brothers in Arms


You were on level 8 of the Dungeon.
You worshipped Trog.
Trog was greatly pleased with you.
You visited 1 branch of the dungeon, and saw 8 of its levels.
You also visited: Sewer.

You collected 574 gold pieces.
You spent 36 gold pieces at shops.

Inventory:

Hand Weapons
 a - a +0 mace (weapon)
 L - a +2 whip of electrocution
Missiles
 k - 32 stones (quivered)
 u - 5 javelins
 z - a curare-tipped dart
 A - 34 poisoned darts
 E - a silver boomerang
 H - 4 boomerangs
Armour
 v - a +0 troll leather armour (worn) {Pargi}
 I - a +1 leather armour of fire resistance
 N - an orb of wrath
Magical Staves
 C - a staff of conjuration
Jewellery
 d - a +6 ring of strength (left hand)
 g - a ring of magical power
 o - a +4 ring of protection (right hand)
Wands
 F - a wand of light (8)
 M - a wand of flame (6)
 Q - a wand of paralysis (12)
 R - a wand of digging (4)
Scrolls
 e - 3 scrolls of fear {unknown}
 f - 2 scrolls of silence
 h - 2 scrolls of blinking {unknown}
 i - 4 scrolls of vulnerability {unknown}
 j - 2 scrolls of teleportation
 l - a scroll of torment {unknown}
 m - 3 scrolls of enchant armour {unknown}
 q - 3 scrolls of amnesia {unknown}
 t - 2 scrolls of immolation {unknown}
 x - a scroll of poison {unknown}
 y - 2 scrolls of summoning {unknown}
 J - a scroll of noise {unknown}
 P - a scroll of butterflies {unknown}
Potions
 b - a potion of attraction
 c - 5 potions of curing
 n - 3 potions of heal wounds
 p - 2 potions of resistance
 r - 2 potions of might
 s - 3 potions of ambrosia
 w - 2 potions of haste
 B - a potion of brilliance {unknown}
 D - 2 potions of mutation {unknown}
 G - a potion of magic {unknown}
 O - a potion of flight {unknown}
 S - a potion of lignification {unknown}
Miscellaneous
 K - a piece from Xom's chessboard (15/15)


   Skills:
 + Level 6.5 Fighting
 + Level 9.5 Maces & Flails
 * Level 7.1 Armour
 + Level 5.3 Dodging
 + Level 3.1 Stealth


You had 9 spell levels left.
You didn't know any spells.
Your spell library was empty.

Dungeon Overview and Level Annotations

Branches:
Dungeon (8/15)             Temple (0/1) D:6           Sewer (visited)
   Lair: D:8-11

Altars:
Sif Muna
Xom

Shops:
D:5 =:   D:6 (   D:7 !   D:8 *


Innate Abilities, Weirdness & Mutations

You are immune to sickness and miasma.
Your stone body is resilient. (AC +7)
You are immune to poison.
You resist negative energy. (rN+)
You are resistant to electric shocks. (rElec)
You are resistant to unholy torment.
You are immune to petrification.


Message History

Found a smoky pink potion.
Found a stone staircase leading down.
D - 2 smoky pink potions (gained 1)
You sock the wight!
The wight is heavily damaged.
The wight barely misses you.
You hit the wight.
The wight is severely damaged.
The wight misses you.
You sock the wight!
You destroy the wight!
Trog accepts your kill. The wight hits you but does no damage.
The wight barely misses you. The wight hits you but does no damage.
Things that are here:
a +4 flail; a +0 robe You closely miss the wight.
The wight closely misses you. x3
You barely miss the wight. The wight completely misses you.
The wight misses you. The wight hits you with a +3 spear!
You hit the wight but do no damage.
The wight hits you from afar with a +2 halberd.
The wight hits you with a +1 great sword of freezing!
The wight freezes you. The wight hits you but does no damage.
You barely miss the wight. The wight barely misses you.
The wight hits you but does no damage. The wight closely misses you.
You hit the wight but do no damage.
The wight hits you from afar with a +2 halberd.
The wight hits you with a +1 great sword of freezing!
The wight freezes you. The wight barely misses you.
You closely miss the wight. The wight closely misses you.
The wight hits you with a +1 great sword of freezing!
The wight freezes you. The wight hits you with a +3 spear.
You hit the wight but do no damage. You barely miss the wight.
The wight hits you but does no damage.
The wight hits you with a +1 great sword of freezing!
* * * LOW HITPOINT WARNING * * *
The wight freezes you.
* * * LOW HITPOINT WARNING * * *
The wight hits you with a +3 spear!
You die...

....... #..........## ..
.....##...........#
.....###......# ....#
#......# . #...#
##....#### #......
##....##.....#..#
#......##...............##
.##.....##....zz.........#
..z...........#z@........#
...........#..........#..#
......................####
.......................###
F........................#
##.....................###
##...................###
##.#................# #
####.###......#..## ###


You could see 3 wights.

Vanquished Creatures
  Eustachio (D:6)
  3 steam dragons
  2 water moccasins
  An orc warrior (D:6)
  Pargi (D:3)
  A sky beast (D:6)
  3 ice beasts
  A black bear (D:5)
  2 ogres
  6 kobold brigands (Sewer)
  2 phantoms
  2 bullfrogs
  A gnoll sergeant (D:7)
  3 scorpions
  3 wights (D:8)
  2 howler monkeys
  6 hounds
  3 iguanas
  A gnoll bouda (D:5)
  Terence (D:3)
  12 gnolls
  10 adders
  A river rat (D:5)
  A white imp (D:5)
  3 worms
  5 dart slugs
  13 orcs
  13 endoplasms
  2 giant cockroaches
  10 hobgoblins
  5 jackals
  4 kobolds
  3 quokkas
  10 ball pythons
  4 bats
  5 frilled lizards
  5 goblins
  12 rats
163 creatures vanquished.

Vanquished Creatures (others)
  An orc (D:8)
  6 toadstools (D:3)
  4 withered plants (D:8)
11 creatures vanquished.

Grand Total: 174 creatures vanquished

Notes
Turn   | Place    | Note
-------+----------+-------------------------------------------
     0 | D:1      | KittyFluff the Gargoyle Berserker began the quest for the
                  | Orb.
     0 | D:1      | Reached XP level 1. HP: 14/14 MP: 1/1
   199 | D:1      | Reached XP level 2. HP: 12/19 MP: 2/2
   233 | D:1      | Found a faded altar of an unknown god.
   760 | D:2      | Reached XP level 3. HP: 22/23 MP: 3/3
   855 | D:2      | Reached ** piety under Trog
  1644 | D:3      | Noticed Terence
  1652 | D:3      | Killed Terence
  1653 | D:3      | Reached skill level 4 in Maces & Flails
  1653 | D:3      | Reached XP level 4. HP: 26/29 MP: 4/4
  1845 | D:3      | Noticed Pargi
  1862 | D:3      | Killed Pargi
  1863 | D:3      | Reached skill level 1 in Stealth
  1863 | D:3      | Reached XP level 5. HP: 31/33 MP: 5/5
  2119 | D:3      | Found a shimmering blue altar of Sif Muna.
  2325 | D:4      | Reached skill level 5 in Maces & Flails
  2325 | D:4      | Reached XP level 6. HP: 33/38 MP: 6/6
  2628 | D:4      | Noticed an ice beast
  2643 | D:4      | Killed an ice beast
  2789 | D:4      | Reached XP level 7. HP: 43/43 MP: 7/7
  3076 | D:4      | Found a shimmering altar of Xom.
  3217 | D:5      | Entered Level 5 of the Dungeon
  3230 | D:5      | Found a glowing drain.
  3233 | D:5      | Reached *** piety under Trog
  3247 | Sewer    | Entered a sewer
  3530 | Sewer    | Reached skill level 6 in Maces & Flails
  4016 | Sewer    | Reached XP level 8. HP: 46/48 MP: 8/8
  4325 | D:5      | Reached skill level 5 in Fighting
  4340 | D:5      | Reached skill level 7 in Maces & Flails
  4521 | D:5      | Reached skill level 5 in Armour
  4667 | D:5      | Reached **** piety under Trog
  4787 | D:5      | Reached skill level 8 in Maces & Flails
  4882 | D:5      | Found Kuures Ixio's Jewellery Shoppe.
  4938 | D:5      | Found Xiah's Self-Improvement Boutique.
  5079 | D:5      | Reached XP level 9. HP: 35/54 MP: 9/9
  5292 | D:6      | Found Tuampete's Weapon Shoppe.
  5292 | D:6      | Noticed Eustachio
  5356 | D:6      | Killed Eustachio
  5924 | D:6      | Found a staircase to the Ecumenical Temple.
  6365 | D:7      | Reached skill level 5 in Dodging
  6429 | D:7      | Reached skill level 9 in Maces & Flails
  6443 | D:7      | Found Soshras's Distillery.
  7072 | D:8      | Found Xutto's General Store.
  7076 | D:8      | Found Poclom's Specific Store.
  7088 | D:8      | Bought a scroll of teleportation for 36 gold pieces
  7332 | D:8      | Reached XP level 10. HP: 59/61 MP: 10/10
  7451 | D:8      | Slain by a wight

Illustrated notes

Levels and vault maps discovered:
D:1:      kennysheep_arrival_seaside, layout_basic, basic_ecumenical_altar
D:2:      layout_basic, st_stairs_5
D:3:      cheibrodos_old_hovel, layout_rooms, led_sif_book,
          minmay_gold_behind_fungi, uniq_pargi, uniq_terence
D:4:      layout_loops_cross, tgw_xom, hangedman_feature_mirror
D:5:      layout_basic, portal_sewer_entry_b, serial_shops,
          kennysheep_mini_moat, minmay_misc_feat_more_columns,
          nicolae_shop_self_help
D:6:      layout_loops_corners, minmay_temple_entry_statues_fountains,
          serial_shops, nicolae_shop_bloodbath_and_beyond, uniq_eustachio
D:7:      layout_basic, serial_shops, nicolae_shop_trees,
          hellmonk_bongcloud_opening
D:8:      layout_cave_pools, kiku_gazebo_garden_becter,
          kb_lookout_dungeons_type, nicolae_specific_store

Skill      XL: |  1  2  3  4  5  6  7  8  9 |
---------------+----------------------------+-----
Dodging        | 2 3 4 5 |  5.3
Maces & Flails | 4 5 6 8 9 |  9.5
Fighting       | 4 5 6 |  6.5
Armour         | 3 4 5 7 |  7.1
Stealth        | 1 2 3 |  3.1

Action                   |  1- 3 |  4- 6 |  7- 9 | 10-12 || total
-------------------------+-------+-------+-------+-------++-------
Melee: Mace              |   133 |   122 |   680 |    13 ||   948
       Punch             |       |     1 |     9 |       ||    10
Throw: Stone             |       |     1 |       |       ||     1
Invok: Berserk           |       |     2 |     2 |       ||     4
  Use: Scroll            |       |     3 |     8 |       ||    11
 Stab: Sleeping          |       |       |     3 |       ||     3
Armor: Animal skin       |    53 |    23 |       |       ||    76
       Troll leather arm |       |    47 |   308 |     7 ||   362
Dodge: Dodged            |   100 |    86 |   446 |    13 ||   645
